 Dungeon Crawl Stone Soup version 0.30.1-3-gfc49f6343a (webtiles) character file.

Game seed: 12351637050345099505

9 croobank the Sneak (level 2, -1/21 HPs)
             Began as an Octopode Delver on Aug 4, 2023.
             Slain by a gnoll sergeant
             ... wielding a +2 spear of freezing
              (3 damage)
             ... on level 6 of the Dungeon.
             The game lasted 00:00:14 (16 turns).

croobank the Sneak (Octopode Delver)                  Turns: 16, Time: 00:00:15

Health: -1/21      AC:  1    Str: 11    XL:     2   Next: 16%
Magic:  2/2        EV: 13    Int: 12    God:
Gold:   0          SH:  0    Dex: 13    Spells: 1/1 levels left

rFire   . . .        a - +0 short sword
rCold   . . .        (no shield)
rNeg    . . .        (helmet restricted)
rPois   .            (no amulet)
rElec   .            (no ring)
rCorr   .            (no ring)
SInv    .            (no ring)
Will    .....        (no ring)
Stlth   ++++         (no ring)
HPRegen 0.23/turn    (no ring)
MPRegen 0.08/turn    (no ring)
                     (no ring)

%: no passive effects
@: no status effects
A: almost no armour, amphibious, 8 rings, camouflage 1, gelatinous body 1,
(nimble swimmer 1), tentacles
a: no special abilities


You were on level 6 of the Dungeon.
You visited 1 branch of the dungeon, and saw 2 of its levels.

Inventory:

Hand Weapons
 a - a +0 short sword (weapon)
Wands
 f - a wand of digging (3)
Scrolls
 b - a scroll of fog
 c - a scroll of magic mapping
 d - a scroll of fear
 g - a scroll of blinking {unknown}
Potions
 e - a potion of haste


   Skills:
 + Level 3.1 Fighting
 + Level 2.2 Short Blades
 + Level 2.2 Dodging
 + Level 6.7 Stealth


You had one spell level left.
You didn't know any spells.
Your spell library was empty.

Dungeon Overview and Level Annotations

Branches:
Dungeon (6/15)
 Temple: D:4-7

Altars:


Innate Abilities, Weirdness & Mutations

You cannot wear most types of armour.
You are amphibious.
You can wear up to eight rings at the same time.
Your skin changes colour to match your surroundings (Stealth+).
Your rubbery body absorbs attacks. (AC +1, EV +1)
((You are camouflaged when in or above water. (Stealth+)))
You have tentacles for arms and can constrict up to eight enemies at once.


Message History

Ran out of altars for temple! x3
Welcome, croobank the Octopode Delver.
The marvelous Orb of Zot lies far below, as if waiting for you to find it.
Press ? for a list of commands and other information.
Found a scroll labelled MOIWNE NIRUMPU.
Found a stone staircase leading down and a stone staircase leading up.
g - a scroll labelled MOIWNE NIRUMPU
There is a stone staircase leading down here.
You climb downwards.
Found an iron wand, a scale mail and a scroll labelled ZASEAPPEAX.
There is a stone staircase leading up here.
Found a glowing flail.
A gnoll comes into view. It is wielding a +0 whip.
An ice beast, a gnoll sergeant and 2 gnolls come into view.
The gnoll sergeant is wielding a +2 spear of freezing.
Found 2 poisoned darts.
A wight comes into view. It is wielding a +0 flail.
The helpless gnoll fails to defend itself.
You puncture the gnoll! You grab the gnoll. You squeeze the gnoll.
The gnoll is almost dead.
You constrict the gnoll.
You kill the gnoll!
You have reached level 2!
You see here a +0 spear.
The helpless gnoll sergeant fails to defend itself.
You puncture the gnoll sergeant! You grab the gnoll sergeant.
The gnoll sergeant is heavily wounded.
You constrict the gnoll sergeant, but do no damage.
The gnoll sergeant hits you with a +2 spear of freezing.
The gnoll sergeant freezes you.
You hit the gnoll sergeant.
The gnoll sergeant is severely wounded.
You constrict the gnoll sergeant, but do no damage.
The gnoll closely misses you.
The gnoll sergeant hits you with a +2 spear of freezing!
Ouch! That really hurt!
* * * LOW HITPOINT WARNING * * *
The gnoll sergeant freezes you.
You die...

####.###.##
#./.<.##..#####
#[...###......#
#..#...........##
#..
####..........
... #..........
.. #.#....#.. .
#.#).)## #..@..#
#.zgg.# ........#
.....##.....
.#..# #.gg(..
#... .........
#.# #........ #.
##.......


You could see a gnoll sergeant, a wight and 3 gnolls.

Vanquished Creatures
  A gnoll (D:6)
1 creature vanquished.

Notes
Turn   | Place    | Note
-------+----------+-------------------------------------------
     0 | D:5      | croobank the Octopode Delver began the quest for the Orb.
     0 | D:5      | Reached XP level 1. HP: 16/16 MP: 1/1
    10 | D:6      | Noticed an ice beast
    10 | D:6      | Noticed a gnoll sergeant
    11 | D:6      | Noticed a wight
    13 | D:6      | Reached XP level 2. HP: 21/21 MP: 2/2
    16 | D:6      | Slain by a gnoll sergeant

Illustrated notes

Levels and vault maps discovered:
D:5:      layout_cave_pools, uniq_edmund
D:6:      layout_cave_pools, mainiacjoe_overflow_six_doors_small,
          gammafunk_ghost_stat_death, uniq_duvessa

Action                     || total
---------------------------++-------
  Melee: Short sword       ||     3
         Constrict         ||     2
         Tentacles         ||     1
   Stab: Sleeping          ||     2
  Dodge: Dodged            ||     1
